 Dungeon Crawl Stone Soup version 0.28.0-53-g5a82cb258f (webtiles) character file.

Game seed: 9153676550321552964

228 hawla the Firebug (level 5, -5/28 HPs)
             Began as a Deep Elf Fire Elementalist on July 30, 2022.
             Slain by a scorpion (7 damage)
             ... on level 4 of the Dungeon on Aug 2, 2022.
             The game lasted 00:09:26 (2839 turns).

hawla the Firebug (Deep Elf Fire Elementalist)      Turns: 2839, Time: 00:09:26

Health: -5/28      AC:  4    Str:  7    XL:     5   Next: 70%
Magic:  4/13       EV: 13    Int: 20    God:
Gold:   116        SH:  0    Dex: 15    Spells: 5/12 levels left

rFire   . . .      SeeInvis .   e - +3 quarterstaff (chaos)
rCold   . . .      Faith    .   (shield currently unavailable)
rNeg    . . .      Spirit   .   a - +0 robe
rPois   .          Reflect  .   b - +1 hat
rElec   .          Harm     .   i - +0 cloak
rCorr   .          Rampage  .   (no gloves)
Will    +....                   (no boots)
Stlth   ++........              (no amulet)
HPRegen 0.09/turn               g - ring of willpower
MPRegen 0.13/turn               (no ring)

@: brilliant
A: no striking features
a: no special abilities


You were on level 4 of the Dungeon.
You visited 1 branch of the dungeon, and saw 4 of its levels.

You collected 116 gold pieces.

Inventory:

Hand Weapons
 e - a +3 quarterstaff of chaos (weapon)
 h - a +0 dagger of draining
Missiles
 f - 4 boomerangs
Armour
 a - a +0 robe (worn)
 b - a +1 hat (worn)
 i - a +0 cloak (worn)
Jewellery
 g - a ring of willpower (left hand)
 j - a ring of see invisible
Wands
 d - a wand of polymorph (2)


   Skills:
 - Level 3.1 Dodging
 - Level 3.0 Stealth
 - Level 4.1 Spellcasting
 * Level 2.4 Conjurations
 * Level 5.8 Fire Magic


You had 5 spell levels left.
You knew the following spells:

 Your Spells              Type           Power      Damage    Failure   Level
a - Foxfire               Conj/Fire      100%       2x1d9     2%          1
b - Scorch                Fire           82%        2d9       1%          2
c - Flame Wave            Conj/Fire      30%        2d8       24%         4

Your spell library contained the following spells:

 Spells                   Type           Power      Damage    Failure   Level
 Conjure Flame            Conj/Fire      30%        6-21      7%          3
 Inner Flame              Hex/Fire       23%        N/A       12%         3


Dungeon Overview and Level Annotations

Branches:
Dungeon (3/15)

Altars:


Message History

The hound is severely wounded.
The hound closely misses you. The adder closely misses you.
The scorpion barely misses you. The hound closely misses you.
Casting: Foxfire (safe; 2% risk of failure)
Confirm with . or Enter, or press ? or * to list all spells.
Flames lash the adder.
You kill the adder!
The scorpion is no longer more vulnerable to fire.
The foxfire hits the scorpion.
The scorpion is lightly wounded.
The foxfire hits the hound.
The hound is almost dead.
The scorpion completely misses you. The hound bites you.
Casting: Scorch (safe; 1% risk of failure)
Confirm with . or Enter, or press ? or * to list all spells.
You conjure some foxfire!
The hound closely misses you. The scorpion stings you.
The hound closely misses you.
Casting: Foxfire (safe; 2% risk of failure)
Confirm with . or Enter, or press ? or * to list all spells.
Flames lash the scorpion.
The scorpion is heavily wounded.
The scorpion's fire resistance burns away.
The foxfire hits the scorpion but does no damage.
The scorpion is heavily wounded.
The foxfire hits the scorpion.
The scorpion is burned terribly!
The scorpion is severely wounded.
The scorpion stings you. The hound closely misses you.
An adder comes into view.
The scorpion stings you.
* * * LOW HITPOINT WARNING * * *
It was a potion of cancellation.
You feel magically purged. The hound bites you.
* * * LOW HITPOINT WARNING * * *
The scorpion misses you. The hound barely misses you.
It was a potion of brilliance.
You feel clever all of a sudden. The hound bites you.
* * * LOW HITPOINT WARNING * * *
The scorpion stings you!
You die...

....$...
.......#
#S.....#
#......#####
#...)..#...#
#......#...#
#s†h...#.J.#
#.@....#...#
#......#...#.#
#............#
######.#######
#.# #.# #.#
#.. ###


You could see a scorpion (combustible), a hound and an adder (wandering).

Vanquished Creatures
  A scorpion (D:3)
  Crazy Yiuf (D:2)
  Jessica (D:2)
  2 adders
  5 dart slugs
  5 orcs (D:3)
  8 endoplasms
  4 goblins
  5 hobgoblins
  16 jackals
  10 ball pythons
  4 bats
  4 frilled lizards
  7 kobolds
  7 rats
80 creatures vanquished.

Vanquished Creatures (others)
  166 foxfires
  3 fungi (D:2)
  A plant (D:1)
170 creatures vanquished.

Grand Total: 250 creatures vanquished

Notes
Turn   | Place    | Note
-------+----------+-------------------------------------------
     0 | D:1      | hawla the Deep Elf Fire Elementalist began the quest for
                  | the Orb.
     0 | D:1      | Reached XP level 1. HP: 10/10 MP: 6/6
   112 | D:1      | Found a faded altar of an unknown god.
   220 | D:1      | Reached XP level 2. HP: 11/15 MP: 5/8
   223 | D:1      | Learned a level 2 spell: Scorch
   525 | D:1      | Reached skill level 4 in Fire Magic
   786 | D:1      | Reached XP level 3. HP: 19/19 MP: 9/9
  1672 | D:2      | Reached XP level 4. HP: 24/24 MP: 8/11
  1722 | D:2      | Found a runed translucent door.
  1723 | D:2      | Noticed Crazy Yiuf
  1780 | D:2      | Noticed Jessica
  1787 | D:2      | Killed Jessica
  2315 | D:2      | Killed Crazy Yiuf
  2316 | D:2      | Reached skill level 5 in Fire Magic
  2322 | D:2      | Learned a level 4 spell: Flame Wave
  2524 | D:3      | Noticed a scorpion
  2528 | D:3      | Killed a scorpion
  2529 | D:3      | Reached XP level 5. HP: 22/28 MP: 6/13
  2657 | D:3      | Identified the +8 chain mail of Wasm {rPois Will+ Dex+2
                  | Stlth+}
  2822 | D:3      | You fall into a shaft and drop 1 floor!
  2839 | D:4      | Slain by a scorpion

Illustrated notes

Levels and vault maps discovered:
D:1:      dpeg_arrival_simpleton_c, layout_basic, ebering_ecumenical_altar_webs,
          amcnicky_mini_rare_corridor_liquid, serial_bayou_ford_a,
          kennysheep_pointless_box, minmay_pentomino_t2
D:2:      layout_loops_ring, uniq_crazy_yiuf_cottage, uniq_jessica
D:3:      layout_rooms
D:4:      layout_basic, lemuel_coloured_pillars_altar,
          cheibrodos_sewer_entry_drain, minmay_ruptured

Skill      XL: |  1  2  3  4 |
---------------+-------------+-----
Fire Magic     | 4 5 |  5.8
Dodging        | 3 |  3.1
Stealth        | 3 |  3.0
Spellcasting   | 4 |  4.1
Conjurations   | 2 |  2.4

Action                   |  1- 3 |  4- 6 || total
-------------------------+-------+-------++-------
Melee: Dagger            |     5 |    11 ||    16
 Cast: Foxfire           |    67 |    31 ||    98
       Scorch            |     7 |    16 ||    23
  Use: Scroll            |     3 |     1 ||     4
       Potion            |       |     2 ||     2
 Stab: Sleeping          |       |     1 ||     1
Armor: Robe              |     1 |     3 ||     4
Dodge: Dodged            |    22 |    24 ||    46
